 Dungeon Crawl Stone Soup version 0.31-a0-165-g3f4f80340b (webtiles) character file.

Game seed: 8759076201079178706

28 qw the Shooter (level 3, 0/21 HPs)
             Began as a Gargoyle Hunter on June 13, 2023.
             Slain by an orc
             ... wielding a +0 flail
              (5 damage)
             ... on level 1 of the Dungeon.
             The game lasted 00:00:17 (678 turns).

qw the Shooter (Gargoyle Hunter)                     Turns: 678, Time: 00:00:18

Health: 0/21       AC:  6    Str: 20    XL:     3   Next: 14%
Magic:  3/3        EV: 12    Int:  9    God:
Gold:   25         SH:  0    Dex: 15    Spells: 2/2 levels left

rFire   . . .        Y - +0 shortbow
rCold   . . .        (shield currently unavailable)
rNeg    + . .        f - +1 robe {Will+}
rPois   inf          (no helmet)
rElec   +            (no cloak)
rCorr   .            (no gloves)
SInv    .            (no boots)
Will    +....        (no amulet)
Stlth   ++           e - +6 ring of strength
HPRegen 0.23/turn    (no ring)
MPRegen 0.08/turn

%: no passive effects
@: no status effects
A: sickness immunity, AC +3, negative energy resistance 1, electricity
resistance, torment resistance 1, petrification resistance
a: no special abilities


You were on level 1 of the Dungeon.
You visited 1 branch of the dungeon, and saw 2 of its levels.

You collected 25 gold pieces.


Innate Abilities, Weirdness & Mutations

You are immune to sickness and miasma.
Your stone body is resilient. (AC +3)
You are immune to poison.
You resist negative energy. (rN+)
You are resistant to electric shocks. (rElec)
You are resistant to unholy torment.
You are immune to petrification.


   Skills:
 + Level 2.1 Fighting
 - Level 5.0 Ranged Weapons
 - Level 1.5 Dodging
 - Level 1.1 Stealth


You had 2 spell levels left.
You didn't know any spells.
Your spell library was empty.

Inventory:

Hand Weapons
 Y - a +0 shortbow (weapon)
Armour
 c - a +0 leather armour
 f - a +1 robe of willpower (worn)
Jewellery
 e - a +6 ring of strength (left hand)
Scrolls
 a - a scroll of identify

Dungeon Overview and Level Annotations

Branches:
Dungeon (2/15)

Altars:


Message History

The orc hits you but does no damage. The orc hits you with a +0 flail.
The orc closely misses you.
You shoot an arrow.
The arrow hits the orc but does no damage.
The orc is severely wounded.
The orc closely misses you. The orc barely misses you.
The orc hits you with a +0 short sword. The orc hits you with a +0 flail.
The orc misses you.
670 ||| STAIRDANCE The orc closely misses you.
The orc wizard hits you but does no damage.
The orc hits you but does no damage.
You climb upwards.
There is a stone staircase leading down here.
You shoot an arrow. The arrow barely misses the orc wizard.
The orc barely misses you. The orc wizard closely misses you.
The orc barely misses you.
You shoot an arrow.
The arrow closely misses the orc wizard.
The orc wizard hits you with a +0 dagger.
The orc hits you with a +0 flail. The orc closely misses you.
You shoot an arrow. The arrow hits the orc wizard.
The orc wizard is moderately wounded.
The orc barely misses you.
The orc wizard gestures wildly while chanting.
The orc wizard flickers and vanishes!
Deactivating autopickup; reactivate with Ctrl-A.
The orc hits you but does no damage.
You shoot an arrow. The arrow closely misses the orc.
Something hits you. The orc misses you. The orc hits you with a +0 flail.
You shoot an arrow. The arrow barely misses the orc.
The orc closely misses you. The orc misses you.
Something hits you but does no damage.
You shoot an arrow. The arrow closely misses the orc.
Something hits you but does no damage. The orc hits you but does no damage.
The orc hits you with a +0 short sword.
You shoot an arrow. The arrow closely misses the orc.
The orc barely misses you. x2; Something barely misses you.
The orc hits you with a +0 flail.
You die...

# #.# #.#.#.# # #.#
#.#.#.# # #.#
#.#.#.# # #.#
#.#.#.# # #.#
#.#.#.# # #.#
#.#.#.# #
#.########.#.#.# #
#.#........#{#.# #
#.#.########@#?# ###
#.#.#......oo#.# #.#
#.#.#.########.# #.#
#.#.#.######.#.# #.#
#.#.#........#.#
#.###.#.#........#.#
....#.#............#
#.#.#.##############
#.#.#.#..........#


You could see 2 orcs.

Vanquished Creatures
  An orc (D:2)
  4 bats (D:1)
  2 endoplasms (D:1)
  A giant cockroach (D:1)
  2 goblins (D:1)
  2 hobgoblins (D:1)
  2 jackals (D:1)
  2 kobolds (D:1)
  A quokka (D:1)
  A ball python (D:1)
  A frilled lizard (D:1)
  5 rats (D:1)
24 creatures vanquished.

Notes
Turn   | Place    | Note
-------+----------+-------------------------------------------
     0 | D:1      | qw the Gargoyle Hunter began the quest for the Orb.
     0 | D:1      | Reached XP level 1. HP: 12/12 MP: 1/1
     0 | D:1      | Noticed a troll
     0 | D:1      | 0 ||| qw: Version: 0.2-a-29-gc1b59c4
     0 | D:1      | 0 ||| qw: Game counter: 4671
     0 | D:1      | 0 ||| qw: Always use a shield: true
     0 | D:1      | 0 ||| qw: God list: Okawaru
     0 | D:1      | 0 ||| qw: Allow faded altars: false
     0 | D:1      | 0 ||| qw: Do Orc after D:15 true
     0 | D:1      | 0 ||| qw: Do second Lair branch before Depths: true
     0 | D:1      | 0 ||| qw: Lair rune preference: random
     0 | D:1      | 0 ||| qw: Plans: Normal, Zot:1-4, Slime:5, God:TSO, Crypt,
                  | Tomb, Abyss, Pan, Hells, Win
     0 | D:1      | 0 ||| PLANNING D:1-11
     1 | D:1      | Noticed a human
     3 | D:1      | Noticed a minotaur
     5 | D:1      | Noticed a tengu
     6 | D:1      | Noticed a barachi
     7 | D:1      | Noticed a human
    10 | D:1      | Noticed a tengu
    12 | D:1      | Noticed a naga
    12 | D:1      | Noticed a vampire
    14 | D:1      | Noticed a vine stalker
    14 | D:1      | Noticed an ogre
    16 | D:1      | Noticed a draconian
    16 | D:1      | Noticed a spriggan
    18 | D:1      | Noticed a draconian
    21 | D:1      | Noticed a spriggan
    72 | D:1      | Found a faded altar of an unknown god.
    82 | D:1      | Reached XP level 2. HP: 17/17 MP: 2/2
   447 | D:1      | Reached XP level 3. HP: 17/21 MP: 3/3
   631 | D:1      | 631 ||| UPGRADING to +1 robe of willpower.
   641 | D:1      | 641 ||| UPGRADING to +6 ring of strength.
   642 | D:1      | 642 ||| READING 2 scrolls labelled DUDAWAOG YVIA.
   643 | D:1      | 643 ||| DROPPING scroll of butterflies.
   667 | D:2      | Reached skill level 5 in Ranged Weapons
   670 | D:2      | 670 ||| STAIRDANCE
   677 | D:1      | HP: 4/21 [orc/+0 short sword (2)]
   678 | D:1      | Slain by an orc

Levels and vault maps discovered:
D:1:      shiori_arrival_whats_in_store_for_you, layout_basic,
          hellmonk_ecumenical_altar_arch_garden, serial_bayou_pond_a
D:2:      layout_basic, minmay_box_of_dots

Skill      XL: |  1  2  3 |
---------------+----------+-----
Ranged Weapons | 5 |  5.0
Fighting       | |  2.1
Dodging        | |  1.5
Stealth        | |  1.1

Action                     || total
---------------------------++-------
   Fire: Shortbow          ||    77
    Use: Scroll            ||     1
 Armour: Leather armour    ||     3
         Robe              ||     8
  Dodge: Dodged            ||    31

Table legend:
 A = Non-vault XP
 B = Vault XP
 C = Vault XP percentage of total XP
 D = Non-vault monster count
 E = Vault monster count
 F = Vault count percentage of total count
                 A         B        C        D         E       F
            +---------+---------+-------+---------+---------+-------
      Total |      41 |       0 |   0.0 |      24 |       0 |   0.0
            +---------+---------+-------+---------+---------+-------
        D:1 |      38 |       0 |   0.0 |      23 |       0 |   0.0
        D:2 |       3 |       0 |   0.0 |       1 |       0 |   0.0
            +---------+---------+-------+---------+---------+-------
